 Dungeon Crawl Stone Soup version 0.23.0-42-geed6394 (webtiles) character file.

Game seed: 5149766179608638466

4175 Kairos the Cleaver (level 10, 0/53 HPs)
             Began as a Vine Stalker Fighter on Feb 28, 2019.
             Was a High Priest of Uskayaw.
             Slain by a killer bee (2 damage)
             ... on level 8 of the Dungeon.
             The game lasted 00:11:11 (6077 turns).

Kairos the Cleaver (Vine Stalker Fighter)           Turns: 6077, Time: 00:11:13

Health: 0/53       AC: 12    Str: 22    XL:     10   Next: 28%
Magic:  0/20       EV:  7    Int:  8    God:    Uskayaw [*****.]
Gold:   251        SH: 10    Dex: 14    Spells: 9/9 levels left

rFire    . . .     SeeInvis .   a - +3 war axe
rCold    . . .     Gourm    .   c - +0 shield
rNeg     . . .     Faith    .   k - +1 chain mail
rPois    .         Spirit   +   i - +0 helmet
rElec    .         Reflect  .   (no cloak)
rCorr    +         Harm     .   (no gloves)
MR       +....                  (no boots)
Stlth    ..........             A - amulet of rage
HPRegen  0.57/turn              B - ring of resist corrosion
MPRegen  0.17/turn              u - ring of magical power

@: lethally poisoned (0 -> -7)
A: fangs 3, regeneration 1, magic shield, antimagic bite, no potion heal 3, rot
immunity
a: Stomp, Line Pass, Grand Finale, Renounce Religion, Evoke Berserk Rage


You were on level 8 of the Dungeon.
You worshipped Uskayaw.
Uskayaw was noncommittal.
You were very hungry.

You visited 1 branch of the dungeon, and saw 8 of its levels.

You collected 251 gold pieces.

Inventory:

Hand Weapons
 a - a +3 war axe (weapon)
 H - a +1 whip of freezing
Armour
 b - a +0 scale mail
 c - a +0 shield (worn)
 i - a +0 helmet (worn)
 k - a +1 chain mail (worn)
Jewellery
 s - an uncursed ring of stealth
 u - a ring of magical power (right hand)
 y - an uncursed ring of positive energy
 A - an amulet of rage (around neck)
 B - a ring of resist corrosion (left hand)
Wands
 v - a wand of flame (19)
 x - a wand of iceblast (8)
 D - a wand of enslavement (14)
 G - a wand of paralysis (10)
Scrolls
 e - a scroll of noise {unknown}
 h - 4 scrolls of teleportation
 n - 2 scrolls of immolation
 o - a scroll of random uselessness {unknown}
 p - 3 scrolls of fear {unknown}
 q - 4 scrolls of remove curse {unknown}
 t - 3 scrolls of blinking
 C - 2 scrolls of amnesia {unknown}
Potions
 d - 2 potions of might
 g - a potion of resistance
 j - a potion of mutation
 l - a potion of agility {unknown}
 m - a potion of flight {unknown}
 r - a potion of curing
 w - a potion of berserk rage {unknown}
 z - 2 potions of magic {unknown}
 F - a potion of ambrosia {unknown}
Comestibles
 f - 9 rations
 E - a chunk of flesh


   Skills:
 + Level 6.3 Fighting
 + Level 9.0 Axes
 + Level 5.1 Armour
 + Level 1.5 Dodging
 + Level 4.4 Stealth
 + Level 5.9 Shields
 + Level 1.1 Evocations


You had 9 spell levels left.
You didn't know any spells.
Your spell library was empty.

Dungeon Overview and Level Annotations

Branches:
Dungeon (8/15)             Temple (0/1) D:5
   Lair: D:8-11

Altars:
Cheibriados
Dithmenos
Elyvilon
Fedhas
Gozag
Hepliaklqana
Makhleb
Nemelex Xobeh
Okawaru
Uskayaw
Wu Jian
The Shining One

Annotations:
D:6 1 runed translucent door, coffeespoons's ghost, novice CeHu


Innate Abilities, Weirdness & Mutations

You have razor-sharp teeth.
Your natural rate of healing is unusually fast.
When hurt, damage is shared between your health and your magic reserves.
Your bite disrupts and absorbs the magic of your enemies.
Potions cannot restore your health.
You are immune to rotting.


Message History

The killer bee is severely wounded.
You hit the killer bee. You barely miss the killer bee.
You feel sick.
The killer bee stings you but does no damage. x2
The killer bee stings you.
You are lethally poisoned!
The killer bee poisons you! You block the killer bee's attack.
The killer bee stings you.
You are more poisoned.
The killer bee poisons you! You block the killer bee's attack.
The killer bee stings you but does no damage.
You can now merge with and destroy a victim.
Your shield and chain mail prevent you from hitting the killer bee.
Your bite misses the killer bee.
The killer bee is severely wounded.
You closely miss the killer bee. You completely miss the killer bee.
* * * LOW HITPOINT WARNING * * *
You feel sick. The killer bee closely misses you.
The killer bee stings you but does no damage.
The killer bee stings you.
You die...

#.........##..# .
#.#.#....###..#+#..
#.#.#.##..##......#
#. ...###..#......#
#. ## ##...# #
##..## ## #####÷..#
.. .
#...†.#.###.#....
#.....#..@y..(#
...[.......)yy.....)
...........#####....
.........### ...
.........# .
.........#
##########


You could see 3 killer bees.

Vanquished Creatures
  Pikel (D:7)
  Grinder (D:5)
  Prince Ribbit (D:7)
  A hippogriff (D:7)
  A wyvern (D:8)
  A hungry ghost (D:7)
  Menkaure (D:4)
  Duvessa (D:5)
  A sky beast (D:8)
  An orc warrior (D:4)
  2 phantoms
  4 ogres
  A centaur (D:6)
  2 big kobolds (D:7)
  3 bullfrogs (D:6)
  A wyvern zombie (D:7)
  Dowan (D:5)
  A water moccasin skeleton (D:6)
  3 killer bees (D:8)
  2 howler monkeys
  3 wights (D:8)
  2 bullfrog zombies
  2 crimson imps (D:6)
  4 hounds
  An iron imp (D:7)
  An orc priest (D:6)
  4 bullfrog skeletons
  A gnoll shaman (D:7)
  4 iguanas
  4 orc wizards
  3 worker ants
  A killer bee zombie (D:7)
  A hound skeleton (D:7)
  Robin (D:3)
  12 gnolls
  6 adders
  A shadow imp (D:6)
  An ooze (D:1)
  An adder zombie (D:6)
  An adder skeleton (D:4)
  4 worms
  A dart slug (D:3)
  4 leopard geckos
  12 orcs
  A ball python (D:6)
  2 giant cockroaches
  19 goblins
  10 hobgoblins
  14 jackals
  17 kobolds
  A quokka (D:3)
  5 bats
  10 frilled lizards
  A leopard gecko skeleton (D:4)
  8 rats
193 creatures vanquished.

Vanquished Creatures (others)
  A kobold (D:7)
1 creature vanquished.

Grand Total: 194 creatures vanquished

Notes
Turn   | Place    | Note
-------+----------+-------------------------------------------
     0 | D:1      | Kairos the Vine Stalker Fighter began the quest for the
                  | Orb.
     0 | D:1      | Reached XP level 1. HP: 11/11 MP: 2/2
    49 | D:1      | Reached XP level 2. HP: 11/16 MP: 3/3
   395 | D:1      | Reached skill level 2 in Axes
   469 | D:1      | Reached XP level 3. HP: 20/20 MP: 4/4
   716 | D:2      | Found a white marble altar of Elyvilon.
   993 | D:2      | Gained mutation: Your natural rate of healing is unusually
                  | fast. [Vine Stalker growth]
   993 | D:2      | Reached XP level 4. HP: 15/24 MP: 5/5
  1103 | D:2      | Found an ornate altar of the Wu Jian Council.
  1143 | D:2      | Found a blossoming altar of Fedhas.
  1918 | D:3      | Found a glowing golden altar of the Shining One.
  1976 | D:3      | Noticed Robin
  1981 | D:3      | Reached XP level 5. HP: 28/28 MP: 6/6
  1993 | D:3      | Killed Robin
  2081 | D:3      | Found an opulent altar of Gozag.
  2081 | D:3      | Found a sparkling altar of Nemelex Xobeh.
  2094 | D:3      | Reached skill level 3 in Axes
  2376 | D:4      | Noticed Menkaure
  2380 | D:4      | Noticed a phantom
  2389 | D:4      | Killed Menkaure
  2389 | D:4      | Reached XP level 6. HP: 28/32 MP: 7/7
  2412 | D:4      | Killed a phantom
  2412 | D:4      | Reached skill level 4 in Axes
  2490 | D:4      | Noticed an orc warrior
  2497 | D:4      | HP: 1/33 [orc warrior/+0 hand axe (8)]
  2498 | D:4      | Killed an orc warrior
  2498 | D:4      | Reached XP level 7. HP: 2/37 MP: 0/8
  2511 | D:4      | HP: 1/37 [poisoned by an orc wizard]
  2705 | D:4      | Found an iron altar of Okawaru.
  2862 | D:4      | Reached skill level 5 in Axes
  2862 | D:4      | Reached skill level 1 in Dodging
  3456 | D:5      | Entered Level 5 of the Dungeon
  3463 | D:5      | Found a staircase to the Ecumenical Temple.
  3515 | D:5      | Found a hide-covered altar of Uskayaw.
  3534 | D:5      | Noticed Grinder
  3560 | D:5      | Killed Grinder
  3560 | D:5      | Gained mutation: You have razor-sharp teeth. [Vine Stalker
                  | growth]
  3560 | D:5      | Reached XP level 8. HP: 42/42 MP: 7/9
  3581 | D:5      | Found a shadowy altar of Dithmenos.
  3600 | D:5      | Noticed Dowan
  3627 | D:5      | Became a worshipper of Uskayaw the Reveler
  3634 | D:5      | Reached * piety under Uskayaw
  3635 | D:5      | Killed Dowan
  3635 | D:5      | Reached skill level 6 in Axes
  3644 | D:5      | Noticed Duvessa
  3654 | D:5      | Reached ** piety under Uskayaw
  3656 | D:5      | Killed Duvessa
  3656 | D:5      | Reached skill level 1 in Evocations
  3971 | D:5      | Found a burning altar of Makhleb.
  4368 | D:6      | Reached skill level 5 in Fighting
  4454 | D:6      | Found a runed translucent door.
  4454 | D:6      | Noticed coffeespoons's ghost (novice CeHu)
  4487 | D:6      | Reached skill level 5 in Shields
  4497 | D:6      | Reached *** piety under Uskayaw
  4519 | D:6      | Reached XP level 9. HP: 45/47 MP: 10/10
  4521 | D:6      | Reached skill level 7 in Axes
  4521 | D:6      | Reached skill level 1 in Stealth
  5046 | D:7      | Found a hazy altar of Hepliaklqana.
  5291 | D:7      | Reached **** piety under Uskayaw
  5296 | D:7      | Reached ***** piety under Uskayaw
  5328 | D:7      | Reached skill level 8 in Axes
  5359 | D:7      | Found a snail-covered altar of Cheibriados.
  5531 | D:7      | Noticed Prince Ribbit
  5551 | D:7      | Killed Prince Ribbit
  5681 | D:7      | Noticed Pikel
  5701 | D:7      | Killed Pikel
  5701 | D:7      | Reached skill level 5 in Armour
  5701 | D:7      | Reached XP level 10. HP: 51/53 MP: 11/11
  6049 | D:8      | Reached skill level 9 in Axes
  6073 | D:8      | HP: 2/53 [killer bee (3)]
  6077 | D:8      | Slain by a killer bee

Skill      XL: |  1  2  3  4  5  6  7  8  9 10 |
---------------+-------------------------------+-----
Fighting       | 3 4 5 6 |  6.3
Axes           | 2 3 4 5 6 8 9 |  9.0
Shields        | 3 4 5 |  5.9
Armour         | 3 4 5 |  5.1
Dodging        | 1 |  1.5
Evocations     | 1 |  1.1
Stealth        | 4 |  4.4

Action                   |  1- 3 |  4- 6 |  7- 9 | 10-12 || total
-------------------------+-------+-------+-------+-------++-------
Melee: War axe           |   111 |   159 |   285 |    52 ||   607
       Bite              |    25 |    44 |    88 |    11 ||   168
 Abil: Evoke Berserk Rag |       |       |     2 |       ||     2
  Use: Scroll            |       |     8 |     5 |     1 ||    14
       Potion            |       |     1 |     1 |     1 ||     3
 Stab: Paralysed         |       |       |    12 |     1 ||    13
  Eat: Chunk             |       |     4 |     7 |       ||    11
       Ration            |       |       |     3 |       ||     3
Armor: Scale mail        |    22 |       |       |       ||    22
       Chain mail        |    28 |    80 |   122 |    44 ||   274
Dodge: Dodged            |    29 |    26 |    55 |    29 ||   139
Block: Shield            |    53 |    85 |   164 |    49 ||   351
